 Dungeon Crawl Stone Soup version 0.30-a0-603-g51a0fb1b98 (webtiles) character file.

Game seed: 17906937205616839585

1589 HoaS the Skirmisher (level 8, -2/44 HPs)
             Began as a Gargoyle Hunter on Jan 7, 2023.
             Was an Initiate of Gozag.
             Slain by an ogre
             ... wielding a +0 giant spiked club
              (19 damage)
             ... on level 5 of the Dungeon.
             The game lasted 00:13:16 (5460 turns).

HoaS the Skirmisher (Gargoyle Hunter)               Turns: 5460, Time: 00:13:16

Health: -2/44      AC: 10    Str: 14    XL:     8   Next: 92%
Magic:  8/8        EV: 11    Int: 11    God:    Gozag
Gold:   358        SH:  5    Dex: 15    Spells: 7/7 levels left

rFire   . . .      SeeInvis .    a - +1 shortbow
rCold   + . .      Faith    .    (shield currently unavailable)
rNeg    + . .      Spirit   .    t - +2 leather armour {rC+}
rPois   ∞          Reflect  +    (no helmet)
rElec   +          Harm     .    (no cloak)
rCorr   .          Rampage  .    (no gloves)
Will    .....                    (no boots)
Stlth   ++                       e - amulet of reflection
HPRegen 0.27/turn                (no ring)
MPRegen 0.11/turn                (no ring)

@: no status effects
A: sickness immunity, AC +5, negative energy resistance 1, electricity
resistance, torment resistance 1, petrification resistance
a: Renounce Religion, Potion Petition, Call Merchant, Bribe Branch


You were on level 5 of the Dungeon.
You worshipped Gozag.
Gozag was aware of your devotion.
You visited 2 branches of the dungeon, and saw 6 of its levels.
You also visited: Ossuary.

You collected 402 gold pieces.
You paid 44 gold pieces to Gozag.

Inventory:

Hand Weapons
 a - a +1 shortbow (weapon)
Missiles
 j - 2 throwing nets
Armour
 m - quicksilver dragon scales
 t - a +2 leather armour of cold resistance (worn)
Jewellery
 e - an amulet of reflection (around neck)
Wands
 s - a wand of acid (9)
Scrolls
 b - 3 scrolls of immolation
 i - 2 scrolls of enchant armour
 p - a scroll of fog
Potions
 d - a potion of lignification
 g - 4 potions of mutation
 h - 7 potions of curing
 k - 2 potions of might
 l - a potion of experience
 n - 3 potions of haste
 o - a potion of magic {unknown}
 q - a potion of attraction {unknown}
 r - a potion of flight {unknown}


   Skills:
 - Level 2.1 Fighting
 + Level 11.6 Ranged Weapons
 - Level 1.5 Dodging
 - Level 1.1 Stealth


You had 7 spell levels left.
You didn't know any spells.
Your spell library contained the following spells:

 Spells                   Type           Power      Damage    Failure   Level
 Apportation              Tloc           0%         N/A       41%         1
 Necrotise                Necr           0%         1d4       41%         1
 Summon Small Mammal      Summ           0%         N/A       41%         1
 Ensorcelled Hibernation  Hex/Ice        0%         N/A       56%         2
 Ozocubu's Armour         Ice            0%         N/A       80%         3
 Portal Projectile        Hex/Tloc       0%         N/A       80%         3
 Spider Form              Tmut/Pois      0%         N/A       80%         3
 Tukima's Dance           Hex            0%         N/A       80%         3
 Anguish                  Hex/Necr       0%         N/A       99%         4
 Blade Hands              Tmut           0%         N/A       100%        5
 Metabolic Englaciation   Hex/Ice        0%         N/A       100%        5
 Simulacrum               Ice/Necr       Unusable   N/A       N/A         6

Dungeon Overview and Level Annotations

Branches:
Dungeon (5/15)             Temple (1/1) D:4         Ossuary (visited)

Altars:
Ashenzari
Cheibriados
Elyvilon
Fedhas
Gozag
Hepliaklqana
Kikubaaqudgha
Makhleb
Nemelex Xobeh
Okawaru
Qazlal
Ru
Sif Muna
Trog
Vehumet
Wu Jian
Xom
Yredelemnul
Zin
The Shining One


Innate Abilities, Weirdness & Mutations

You are immune to sickness and miasma.
Your stone body is resilient. (AC +5)
You are immune to poison.
You resist negative energy. (rN+)
You are resistant to electric shocks. (rElec)
You are resistant to unholy torment.
You are immune to petrification.


Message History

You now have 346 gold pieces (gained 4).
You now have 353 gold pieces (gained 7).
You see here a +0 flail.
An adder comes into view.
An adder is nearby!
You shoot an arrow.
The arrow hits the adder but does no damage.
No target in view!
No target in view!
An adder is nearby!
You shoot an arrow. The arrow hits the adder.
The adder is heavily wounded.
You shoot an arrow. The arrow barely misses the adder.
You shoot an arrow. The arrow barely misses the adder.
The adder misses you.
You shoot an arrow. The arrow hits the adder!
You kill the adder!
No target in view!
You now have 358 gold pieces (gained 5).
h - 7 potions of curing (gained 1)
An ogre comes into view. It is wielding a +0 giant spiked club.
You see here 15 gold pieces.
An ogre is nearby!
You shoot an arrow. The arrow hits the ogre!
The ogre shouts!
The ogre is moderately wounded.
Found a crystal long sword.
You shoot an arrow. The arrow completely misses the ogre.
You shoot an arrow. The arrow barely misses the ogre.
You shoot an arrow. The arrow hits the ogre!
The ogre is heavily wounded.
The ogre hits you with a +0 giant spiked club.
You shoot an arrow. The arrow hits the ogre.
The ogre is severely wounded.
You shoot an arrow. The arrow barely misses the ogre.
The ogre hits you with a +0 giant spiked club!!
Ouch! That really hurt!
You shoot an arrow. The arrow completely misses the ogre.
The ogre hits you with a +0 giant spiked club!!
You die...
Your body crumbles into a pile of gold.

####..#.#.#..#..#..#..#..#.#
##............#..#..#.....#.#
###.............#..#..#..#..#.#
...........#.#..#...........#=#
###.................#.#.....#)#
#..##..###.#..#..##.####..#$#
#. #..# #.#......... #..#$# #
#..###.#....###. #..#[#
#.$....O@.#.# .. #..###
#.............##...# #.....
#..#...........##.. #.....
#...............# ##.....
#.........#....).# #...###
...................# ##......
##.####....##........ #....###
#. #....##.##..... ##...# # .
#...# #


You could see an ogre.

Vanquished Creatures
  Duvessa (D:4)
  A phantom (D:5)
  9 scorpions (Ossuary)
  Dowan (D:4)
  5 centaur zombies (Ossuary)
  A hound (D:4)
  3 human zombies
  An orc priest (D:4)
  A gnoll bouda (D:4)
  A human skeleton (D:4)
  Terence (D:3)
  2 iguanas
  3 scorpion zombies (Ossuary)
  An orc wizard (D:4)
  3 mummies (Ossuary)
  6 gnolls
  6 adders
  3 ufetubi
  A worm (D:4)
  3 dart slugs
  16 orcs
  7 ball pythons
  7 endoplasms
  3 giant cockroaches
  5 goblins
  13 hobgoblins
  5 jackals
  9 kobolds
  A quokka (D:4)
  5 bats
  A frilled lizard (D:1)
  4 gnoll zombies (Ossuary)
  A goblin zombie (Ossuary)
  2 hobgoblin zombies (Ossuary)
  3 kobold zombies (Ossuary)
  2 orc skeletons (D:4)
  5 orc zombies
  13 rats
155 creatures vanquished.

Notes
Turn   | Place    | Note
-------+----------+-------------------------------------------
     0 | D:1      | HoaS the Gargoyle Hunter began the quest for the Orb.
     0 | D:1      | Reached XP level 1. HP: 12/12 MP: 1/1
   120 | D:1      | Reached XP level 2. HP: 17/17 MP: 2/2
   320 | D:1      | Reached XP level 3. HP: 21/21 MP: 3/3
   531 | D:1      | Reached skill level 5 in Ranged Weapons
  1082 | D:2      | Reached XP level 4. HP: 26/26 MP: 4/4
  1560 | D:3      | Noticed Terence
  1576 | D:3      | Killed Terence
  1577 | D:3      | Reached skill level 6 in Ranged Weapons
  1761 | D:3      | Found a bloodstained altar of Trog.
  1763 | D:3      | Found a glowing silver altar of Zin.
  1856 | D:3      | Reached XP level 5. HP: 30/30 MP: 5/5
  2618 | D:4      | Identified the amulet "Izotorin" {Faith rPois rC- Stlth+}
  2959 | D:4      | Reached skill level 7 in Ranged Weapons
  2959 | D:4      | Reached XP level 6. HP: 33/35 MP: 6/6
  3015 | D:4      | Found a staircase to the Ecumenical Temple.
  3082 | D:4      | Found a sand-covered staircase.
  3087 | Ossuary  | Entered an ossuary
  3155 | Ossuary  | Reached skill level 8 in Ranged Weapons
  3167 | Ossuary  | Reached XP level 7. HP: 40/40 MP: 7/7
  3376 | Ossuary  | Reached skill level 9 in Ranged Weapons
  3495 | Ossuary  | Reached XP level 8. HP: 37/44 MP: 8/8
  3594 | Ossuary  | Reached skill level 10 in Ranged Weapons
  3785 | Temple   | Entered the Ecumenical Temple
  3984 | Temple   | Became a worshipper of Gozag Ym Sagoz the Greedy
  4228 | D:4      | Found a snail-covered altar of Cheibriados.
  4692 | D:5      | Entered Level 5 of the Dungeon
  4753 | D:5      | Noticed Duvessa
  4754 | D:5      | Noticed Dowan
  4782 | D:4      | Killed Duvessa
  4783 | D:4      | Reached skill level 11 in Ranged Weapons
  4804 | D:4      | Killed Dowan
  5460 | D:5      | Slain by an ogre

Illustrated notes

Levels and vault maps discovered:
D:1:      minmay_arrival_three_doors, layout_basic, minmay_rat_gold_closets
D:2:      layout_loops_ring, st_stairs_6
D:3:      layout_basic, chequers_temple_overflow_statue_of_worship,
          serial_corexii_hall, chequers_hall_statues_y, chequers_hall_statues_y,
          corexii_hall_statues_i, corexii_hall_statues_t, grunt_ministairs_4,
          uniq_terence
D:4:      layout_layer_cave, lemuel_tele_altar, minmay_temple_entry_statues,
          nicolae_ossuary_entry_catacombs, kennysheep_generic_room_8
D:5:      lemuel_ice_spiral_2, layout_basic, minmay_crossroads, uniq_duvessa
Temple:   minmay_crystal_spiral_temple

Skill      XL: |  1  2  3  4  5  6  7  8 |
---------------+-------------------------+-----
Ranged Weapons | 5 6 7 8 9 11 | 11.6
Fighting       | |  2.1
Dodging        | |  1.5
Stealth        | |  1.1

Action                   |  1- 3 |  4- 6 |  7- 9 || total
-------------------------+-------+-------+-------++-------
 Fire: Shortbow          |    97 |   226 |   366 ||   689
  Use: Scroll            |     4 |     8 |     5 ||    17
       Potion            |       |     1 |     1 ||     2
Armor: Leather armour    |    18 |    68 |    88 ||   174
Dodge: Dodged            |    26 |   103 |   117 ||   246
Block: Other             |       |    26 |    57 ||    83

Table legend: (Time is in decaauts)
 A = Elapsed time spent in this place.
 B = Non-inter-level travel time spent in this place.
 C = Inter-level travel time spent in this place.
 D = Time resting spent in this place.
 E = Time spent auto-exploring this place.
 F = Levels seen in this place.
 G = Mean time per level.
                   A        B        C        D        E       F      G
               +--------+--------+--------+--------+--------+-----+--------+
         Total |   5548 |   5257 |    291 |    595 |   3287 |   7 |  792.6 |
       Dungeon |   4647 |   4440 |    207 |    448 |   3035 |   5 |  929.4 |
        Temple |    212 |    128 |     84 |      0 |    112 |   1 |  212.0 |
       Ossuary |    688 |    688 |      0 |    147 |    140 |   1 |  688.0 |
               +--------+--------+--------+--------+--------+-----+--------+

Top non-repeatable levels by time:
     D:4: 1362 daAuts
     D:3: 1159 daAuts
     D:1: 908 daAuts
 Ossuary: 688 daAuts
     D:2: 643 daAuts
     D:5: 573 daAuts
  Temple: 212 daAuts
